cohdb
Replays
Latest Replays
All Replays
Popular Replays
Top Player Replays
Match Explorer
How It Works
Community
CoH3 Stats
Reddit
Sign in to upload your games and track your stats! →
Sign in with Steam
Match 32488545
Unlisted
Match 32488545
Overview
Messages
Build Orders
End
Panzergrenadier Squad
Kradschützen Motorcycle Team
Panzergrenadier Squad
Selects Italian Infantry
Construct Light Support Kompanie
Selects Defensive Operations
MG34 Team
Selects Guastatori Squad
Selects L6/40 Light Tank Combat Group
L6/40 Light Tank Combat Group
Panzergrenadier Squad
Guastatori Squad
2.5-tonne Medical Truck
Selects Defensive Operations
Fire Support Elements
Guastatori Squad
Selects Towed Cannone da 105/28 Field Howitzer
Pak 38 Mechanized Group
Towed Cannone da 105/28 Field Howitzer
Selects Territory Booby Traps
Combat Half-tracks
Towed Cannone da 105/28 Field Howitzer
Vasilisk
省油的燈[Leaking Lamp]
Thrusher
SteveMcQueef
Folscher
PragerSchinken
Apache
Cpt. Zugluft
0
0
Comments
sign in to comment!
No comments posted yet!